 Dungeon Crawl Stone Soup version 0.31-a0-640-g39d97e502b (webtiles) character file.

Game seed: 5848026836516304375

8746 qw the Skirmisher (level 11, 0/71 HPs)
             Began as a Gargoyle Hunter on Aug 27, 2023.
             Was a Priest of Okawaru.
             Slain by a spectral orc warlord (8 damage)
             ... summoned by Nergalle
             ... on level 1 of the Lair of Beasts.
             The game lasted 00:04:16 (7210 turns).

qw the Skirmisher (Gargoyle Hunter)                 Turns: 7210, Time: 00:04:17

Health: 0/71       AC: 17    Str: 17    XL:     11   Next: 35%
Magic:  14/14      EV: 18    Int: 11    God:    Okawaru [***...]
Gold:   280        SH:  0    Dex: 19    Spells: 10/10 levels left

rFire   . . .        f - +0 shortbow (heavy)
rCold   + . .        (shield currently unavailable)
rNeg    + + .        q - +2 leather armour {rC+}
rPois   inf          j - +1 helmet
rElec   +            c - scarf of the Villain {+Inv, rN+ Will+ Regen+ Dex+2}
rCorr   .            (no gloves)
SInv    .            b - +0 pair of boots
Will    ++...        n - amulet "Ennifiha" {RegenMP Str+3}
Stlth   +++          k - ring of willpower
HPRegen 1.11/turn    (no ring)
MPRegen 0.54/turn

%: no passive effects
@: heroic
A: sickness immunity, AC +8, negative energy resistance 1, electricity
resistance, torment resistance 1, petrification resistance
a: Renounce Religion, Evoke Invisibility, Heroism


You were on level 1 of the Lair of Beasts.
You worshipped Okawaru.
Okawaru was most pleased with you.
You visited 3 branches of the dungeon, and saw 11 of its levels.

You collected 500 gold pieces.
You spent 220 gold pieces at shops.


Innate Abilities, Weirdness & Mutations

You are immune to sickness and miasma.
Your stone body is resilient. (AC +8)
You are immune to poison.
You resist negative energy. (rN+)
You are resistant to electric shocks. (rElec)
You are resistant to unholy torment.
You are immune to petrification.


   Skills:
 - Level 9.0(14.0) Fighting
 - Level 14.0(19.0) Ranged Weapons
 - Level 3.0(8.0) Armour
 + Level 4.7(9.7) Dodging
 - Level 1.1(6.1) Stealth
 - Level 4.3 Invocations


You had 10 spell levels left.
You didn't know any spells.
Your spell library was empty.

Inventory:

Hand Weapons
 f - a +0 heavy shortbow (weapon)
Armour
 b - a +0 pair of boots (worn)
 c - the scarf of the Villain (worn) {+Inv, rN+ Will+ Regen+ Dex+2}
   (You acquired it on level 2 of the Dungeon)

   Dex+2:     It affects your dexterity (+2).
   rN+:       It protects you from negative energy.
   Will+:     It increases your willpower.
   Regen+:    It increases your rate of health regeneration.
 g - a +2 robe of willpower
 j - a +1 helmet (worn)
 p - +0 steam dragon scales
 q - a +2 leather armour of cold resistance (worn)
 s - a +1 leather armour of fire resistance
Jewellery
 k - a ring of willpower (left hand)
 n - the amulet "Ennifiha" (around neck) {RegenMP Str+3}
   (You found it on level 4 of the Dungeon)

   [amulet of magic regeneration]

   RegenMP:   It increases your rate of magic regeneration.
   Str+3:     It affects your strength (+3).
Scrolls
 i - a scroll of identify
 r - a scroll of brand weapon
Potions
 a - a potion of cancellation
 d - 2 potions of enlightenment
 e - a potion of might
 l - 3 potions of curing
 m - a potion of mutation {unknown}

Dungeon Overview and Level Annotations

Branches:
Dungeon (9/15)             Temple (1/1) D:7            Lair (1/5) D:9
    Orc: D:9-12

Altars:
Ashenzari
Cheibriados
Dithmenos
Elyvilon
Fedhas
Gozag
Hepliaklqana
Kikubaaqudgha
Nemelex Xobeh
Okawaru
Qazlal
Ru
Sif Muna
Trog
Uskayaw
Vehumet
Wu Jian
Xom
Yredelemnul
Zin
The Shining One

Shops:
D:1 !   D:2 [   D:6 *   D:7 :

Annotations:
D:8 4 transporters, 1 runed translucent door, qw's ghost, novice NaHu
Lair:1 Nergalle


Message History

The spectral orc warlord hits you.
The spectral orc warrior closely misses you.
You shoot an arrow.
The arrow hits the spectral orc warlord!
The spectral orc warlord is heavily damaged.
Nergalle gestures at the spectral orc warlord while chanting.
The spectral orc warlord seems to speed up.
The spectral orc knight misses you.
The spectral orc warrior barely misses you.
The spectral orc misses you. The spectral orc warlord misses you.
You shoot an arrow.
The arrow hits the spectral orc warlord but does no damage.
The spectral orc warlord is heavily damaged.
The spectral orc warlord misses you.
The spectral orc knight hits you from afar with a +1 glaive of protection.
The spectral orc warrior misses you. The spectral orc misses you.
Nergalle hits you from afar with a +0 glaive of venom.
You shoot an arrow.
The arrow hits the spectral orc warlord!
The spectral orc warlord is severely damaged.
The spectral orc warlord closely misses you.
The spectral orc knight hits you from afar with a +1 glaive of protection!
The spectral orc warlord completely misses you.
The spectral orc warrior barely misses you.
The spectral orc hits you but does no damage.
Space warps around you. Nergalle barely misses you.
You shoot an arrow.
The arrow hits the spectral orc warlord but does no damage.
The spectral orc warlord is severely damaged.
The spectral orc warlord hits you but does no damage.
The spectral orc knight hits you from afar with a +1 glaive of protection!
The spectral orc warrior misses you.
The spectral orc hits you but does no damage.
Space warps horribly around you!
Nergalle hits you from afar with a +0 glaive of venom.
You shoot an arrow.
The arrow hits the spectral orc warlord!!
The spectral orc warlord is almost destroyed.
The spectral orc warlord hits you!
You die...

#
........................
........................
........................
........................
........................
................Z.......
.................Z......
................@.o.[...
#########%.....Z.##P##..
#......Z.# #........#
#........# #........#
#.........# #........##
#........#


You could see Nergalle, a spectral orc (summoned), a spectral orc warrior
(summoned), a spectral orc knight (summoned) and a spectral orc warlord
(summoned, fast).

Vanquished Creatures
  Pikel (D:8)
  An unseen horror (D:8)
  2 cane toads (Lair:1)
  A rime drake (Lair:1)
  A komodo dragon (Lair:1)
  A troll (D:9)
  5 yaks
  4 fire bats (D:9)
  2 wraiths (D:9)
  3 wyverns
  A fire elemental (D:9)
  A steam dragon (D:9)
  A water moccasin (Lair:1)
  3 orc warriors
  A hell hound (D:9)
  A sky beast (D:7)
  3 ice beasts
  A black bear (D:5)
  3 ogres
  A wolf (D:9)
  A centaur (D:9)
  A lemure (D:8)
  2 phantoms
  A kobold brigand (D:9)
  4 bullfrogs
  4 scorpions
  3 wights (D:8)
  23 killer bees
  3 electric eels (D:9)
  3 howler monkeys
  2 lava snakes (D:9)
  10 hounds
  2 orc priests
  3 jellies
  2 iguanas
  Natasha (D:3)
  4 orc wizards
  A hound skeleton (D:3)
  Robin (D:3)
  6 adders
  11 gnolls
  2 white imps
  An ufetubus (D:5)
  An adder skeleton (D:3)
  A worm (D:2)
  A dart slug (D:1)
  32 orcs
  3 ball pythons
  8 endoplasms
  3 giant cockroaches
  9 goblins
  11 hobgoblins
  5 jackals (D:2)
  8 kobolds
  2 quokkas (D:2)
  4 bats
  5 frilled lizards
  2 giant cockroach zombies (D:3)
  A quokka skeleton (D:3)
  7 rats
231 creatures vanquished.

Notes
Turn   | Place    | Note
-------+----------+-------------------------------------------
     0 | D:1      | qw the Gargoyle Hunter began the quest for the Orb.
     0 | D:1      | Reached XP level 1. HP: 12/12 MP: 1/1
     0 | D:1      | 0 ||| qw: Version: 0.3-a-74-g0d5e918
     0 | D:1      | 0 ||| qw: Game counter: 76
     0 | D:1      | 0 ||| qw: Melee chars always use a shield: true
     0 | D:1      | 0 ||| qw: God list: Okawaru
     0 | D:1      | 0 ||| qw: Allow faded altars: false
     0 | D:1      | 0 ||| qw: Do Orc after clearing Dungeon:15 true
     0 | D:1      | 0 ||| qw: Do second Lair branch before Depths: true
     0 | D:1      | 0 ||| qw: Lair rune preference: random
     0 | D:1      | 0 ||| qw: Goals: Normal
     0 | D:1      | 0 ||| PLANNING D:1-11
     1 | D:1      | Found Zoig's Distillery.
     8 | D:1      | 8 ||| DROPPING scroll of butterflies.
    20 | D:1      | 20 ||| SHOPLISTING 2 potions of curing (72 gold, have 14).
    20 | D:1      | 20 ||| SHOPLISTING potion of enlightenment (60 gold, have
                  | 14).
    20 | D:1      | 20 ||| SHOPLISTING potion of might (48 gold, have 14).
    20 | D:1      | 20 ||| SHOPLISTING potion of mutation (96 gold, have 14).
   120 | D:1      | Reached XP level 2. HP: 17/17 MP: 2/2
   347 | D:1      | Reached XP level 3. HP: 21/21 MP: 3/3
   575 | D:1      | 575 ||| READING scroll labelled MOADUS JUNUU.
   576 | D:1      | 576 ||| READING scroll labelled ACHUNW FITWO.
   577 | D:1      | 577 ||| READING scroll labelled QUCIZX DUIMNET.
   578 | D:1      | 578 ||| DRINKING 2 clear potions.
   621 | D:1      | 621 ||| DROPPING potion of lignification.
   702 | D:2      | Reached skill level 5 in Ranged Weapons
  1001 | D:2      | Found Omat's Antique Armour Boutique.
  1007 | D:2      | 1007 ||| SHOPLISTING faintly glowing leather armour (126
                  | gold, have 87).
  1007 | D:2      | 1007 ||| BUYING glowing robe (66 gold).
  1007 | D:2      | Bought a glowing robe for 66 gold pieces
  1079 | D:2      | Reached skill level 3 in Fighting
  1139 | D:2      | Reached XP level 4. HP: 28/28 MP: 4/4
  1337 | D:2      | 1337 ||| UPGRADING to +0 pair of boots.
  1342 | D:2      | 1342 ||| UPGRADING to +2 robe.
  1352 | D:2      | 1352 ||| DROPPING +0 leather armour.
  1353 | D:2      | 1353 ||| READING scroll labelled RARCHA GINUTAE.
  1353 | D:2      | Identified a scroll of acquirement
  1353 | D:2      | 1353 ||| ACQUIRING scarf of the Villain {+Inv, rN+ Will+
                  | Regen+ Dex+2}
  1353 | D:2      | Acquired the scarf of the Villain {+Inv, rN+ Will+ Regen+
                  | Dex+2}
  1355 | D:2      | 1355 ||| UPGRADING to scarf of the Villain {+Inv, rN+ Will+
                  | Regen+ Dex+2}.
  1360 | D:2      | 1360 ||| DRINKING 2 bubbling brown potions.
  1572 | D:3      | Reached XP level 5. HP: 32/32 MP: 5/5
  1641 | D:3      | Reached skill level 6 in Ranged Weapons
  2080 | D:3      | Noticed Robin
  2084 | D:3      | 2084 ||| Stepping ~*~*~tactically~*~*~ (outnumbered).
  2091 | D:3      | Killed Robin
  2125 | D:3      | Noticed Natasha
  2126 | D:3      | Killed Natasha
  2129 | D:3      | 2129 ||| UPGRADING to +0 helmet.
  2134 | D:3      | 2134 ||| READING scroll labelled CIKARRI WUIBAMP.
  2135 | D:3      | 2135 ||| READING scroll labelled HATZEU PYINUIPS.
  2180 | D:4      | Reached skill level 1 in Armour
  2180 | D:4      | Reached XP level 6. HP: 30/38 MP: 6/6
  2180 | D:4      | 2180 ||| FLEEEEING.
  2350 | D:4      | Reached skill level 7 in Ranged Weapons
  2356 | D:4      | Reached XP level 7. HP: 13/43 MP: 7/7
  2357 | D:4      | HP: 9/43 [killer bee (6)]
  2358 | D:4      | 2358 ||| DRINKING 2 potions of heal wounds.
  2361 | D:4      | 2361 ||| DRINKING potion of heal wounds.
  2528 | D:4      | Reached skill level 8 in Ranged Weapons
  2629 | D:4      | Identified the amulet "Ennifiha" {RegenMP Str+3}
  2722 | D:4      | 2722 ||| UPGRADING to amulet "Ennifiha" {RegenMP Str+3}.
  2727 | D:4      | 2727 ||| UPGRADING to ring of willpower.
  2728 | D:4      | 2728 ||| READING scroll labelled LEKHEPROOKU.
  2729 | D:4      | 2729 ||| READING scroll labelled YCARODEOPN.
  2730 | D:4      | 2730 ||| READING scroll labelled YCIQE WOBLIJEU.
  2731 | D:4      | 2731 ||| DRINKING 2 emerald potions.
  2732 | D:4      | 2732 ||| READING 2 scrolls of identify.
  2732 | D:4      | 2732 ||| IDENTIFYING metallic clear potion
  2733 | D:4      | 2733 ||| DROPPING potion of brilliance.
  2736 | D:5      | Entered Level 5 of the Dungeon
  2775 | D:5      | Reached XP level 8. HP: 31/49 MP: 8/8
  2830 | D:5      | 2830 ||| READING scroll of enchant armour.
  2830 | D:5      | 2830 ||| ENCHANTING +0 helmet.
  2868 | D:5      | Reached skill level 9 in Ranged Weapons
  3069 | D:5      | Reached skill level 6 in Fighting
  3164 | D:5      | 3164 ||| Stepping ~*~*~tactically~*~*~ (outnumbered).
  3166 | D:5      | 3166 ||| Stepping ~*~*~tactically~*~*~ (outnumbered).
  3168 | D:5      | 3168 ||| Stepping ~*~*~tactically~*~*~ (outnumbered).
  3396 | D:5      | 3396 ||| UPGRADING to amulet of guardian spirit.
  3406 | D:5      | 3406 ||| READING 3 scrolls labelled CUELOSHROUTS.
  3407 | D:5      | 3407 ||| READING scroll labelled YTZIPRICAS.
  3408 | D:5      | 3408 ||| DROPPING 2 scrolls of noise.
  3439 | D:6      | Found a hide-covered altar of Uskayaw.
  3459 | D:6      | Reached skill level 10 in Ranged Weapons
  3506 | D:6      | Reached skill level 3 in Dodging
  3506 | D:6      | Reached XP level 9. HP: 55/55 MP: 9/9
  4003 | D:6      | Found Xuply's Fire Supplies.
  4017 | D:6      | 4017 ||| BUYING +1 leather armour of fire resistance (154
                  | gold).
  4017 | D:6      | Bought a +1 leather armour of fire resistance for 154 gold
                  | pieces
  4017 | D:6      | 4017 ||| SHOPLISTING +1 ring mail of fire resistance (176
                  | gold, have 148).
  4017 | D:6      | 4017 ||| SHOPLISTING +2 ring mail of fire resistance (231
                  | gold, have 148).
  4017 | D:6      | 4017 ||| SHOPLISTING ring of protection from fire (275
                  | gold, have 148).
  4110 | D:6      | 4110 ||| UPGRADING to +2 leather armour of cold resistance.
  4120 | D:6      | 4120 ||| DROPPING +2 robe.
  4121 | D:6      | 4121 ||| READING scroll labelled HOFIUL YZEHEUF.
  4122 | D:6      | 4122 ||| DRINKING 2 orange potions.
  4123 | D:6      | 4123 ||| READING 2 scrolls of identify.
  4123 | D:6      | 4123 ||| IDENTIFYING dark potion
  4149 | D:7      | Identified the amulet "Ujupp" {RegenMP Harm Int+2 Dex-4}
  4209 | D:7      | Found a staircase to the Ecumenical Temple.
  4210 | D:7      | 4210 ||| PLANNING TEMPLE
  4210 | D:7      | 4210 ||| DROPPING amulet "Ujupp" {RegenMP Harm Int+2
                  | Dex-4}.
  4218 | Temple   | Entered the Ecumenical Temple
  4219 | Temple   | 4219 ||| PLANNING OKAWARU WORSHIP
  4222 | Temple   | Became a worshipper of Warmaster Okawaru
  4223 | Temple   | 4223 ||| PLANNING D:1-11
  4223 | Temple   | 4223 ||| REMOVING amulet of guardian spirit.
  4228 | Temple   | 4228 ||| UPGRADING to amulet "Ennifiha" {RegenMP Str+3}.
  4233 | Temple   | 4233 ||| DROPPING amulet of guardian spirit.
  4287 | D:7      | Found Ilitoamu's Book Emporium.
  4444 | D:7      | Reached skill level 11 in Ranged Weapons
  4636 | D:7      | 4636 ||| DRINKING 2 silvery potions.
  4741 | D:7      | 4741 ||| DRINKING 2 fuming emerald potions.
  4742 | D:7      | 4742 ||| DROPPING potion of berserk rage.
  4794 | D:8      | 4794 ||| Stepping ~*~*~tactically~*~*~ (retreating).
  4798 | D:8      | Reached * piety under Okawaru
  4840 | D:8      | 4840 ||| RETREATING.
  4842 | D:8      | 4842 ||| RETREATING.
  4844 | D:8      | 4844 ||| RETREATING.
  4846 | D:8      | 4846 ||| RETREATING.
  4848 | D:8      | 4848 ||| RETREATING.
  4850 | D:8      | 4850 ||| RETREATING.
  4857 | D:8      | Reached skill level 1 in Invocations
  4939 | D:8      | Found a transporter.
  4970 | D:8      | 4970 ||| FLEEEEING.
  4974 | D:8      | Reached skill level 3 in Invocations
  4978 | D:8      | Found a transporter.
  5008 | D:8      | Noticed Pikel
  5009 | D:8      | 5009 ||| INVOKING Heroism.
  5022 | D:8      | Killed Pikel
  5022 | D:8      | Reached ** piety under Okawaru
  5023 | D:8      | Reached XP level 10. HP: 64/64 MP: 11/13
  5038 | D:8      | Found a transporter.
  5079 | D:8      | 5079 ||| Stepping randomly (disturbance).
  5079 | D:8      | Found a runed translucent door.
  5080 | D:8      | 5080 ||| Stepping randomly (disturbance).
  5081 | D:8      | 5081 ||| Stepping randomly (disturbance).
  5082 | D:8      | 5082 ||| Stepping randomly (disturbance).
  5086 | D:8      | 5086 ||| Stepping randomly (disturbance).
  5104 | D:8      | Killed an unseen horror
  5105 | D:8      | Reached skill level 12 in Ranged Weapons
  5147 | D:8      | Found a shimmering altar of Xom.
  5147 | D:8      | Noticed qw's ghost (novice NaHu)
  5148 | D:8      | Noticed a +2 rapier of chaos
  5235 | D:8      | 5235 ||| INVOKING Heroism.
  5413 | D:8      | Found a bloodstained altar of Trog.
  5416 | D:8      | Found a white marble altar of Elyvilon.
  5472 | D:8      | Found a stormy altar of Qazlal.
  5551 | D:8      | Found a transporter.
  5691 | D:9      | 5691 ||| Stepping ~*~*~tactically~*~*~ (outnumbered).
  5713 | D:9      | 5713 ||| INVOKING Heroism.
  5721 | D:9      | Reached *** piety under Okawaru
  5752 | D:9      | 5752 ||| INVOKING Heroism.
  5754 | D:9      | Reached skill level 13 in Ranged Weapons
  5876 | D:9      | 5876 ||| INVOKING Heroism.
  5879 | D:9      | 5879 ||| Stepping ~*~*~tactically~*~*~ (outnumbered).
  5900 | D:9      | 5900 ||| INVOKING Heroism.
  5902 | D:9      | 5902 ||| Stepping ~*~*~tactically~*~*~ (outnumbered).
  5904 | D:9      | 5904 ||| READING scroll labelled ETATOFIO ZEIR.
  5905 | D:9      | 5905 ||| Stepping ~*~*~tactically~*~*~ (outnumbered).
  5911 | D:9      | 5911 ||| INVOKING Heroism.
  5918 | D:9      | 5918 ||| READING 2 scrolls of identify.
  5918 | D:9      | 5918 ||| IDENTIFYING gluggy blue potion
  5927 | D:9      | 5927 ||| INVOKING Heroism.
  5937 | D:9      | Reached skill level 9 in Fighting
  5944 | D:9      | 5944 ||| FLEEEEING.
  5945 | D:9      | 5945 ||| INVOKING Heroism.
  5985 | D:9      | Reached skill level 3 in Armour
  6028 | D:9      | Found a staircase to the Lair.
  6030 | D:9      | 6030 ||| INVOKING Heroism.
  6039 | D:9      | Reached XP level 11. HP: 71/71 MP: 14/14
  6249 | D:9      | 6249 ||| INVOKING Heroism.
  6251 | D:9      | 6251 ||| Stepping ~*~*~tactically~*~*~ (cloud).
  6288 | D:9      | 6288 ||| INVOKING Heroism.
  6294 | D:9      | 6294 ||| Stepping ~*~*~tactically~*~*~ (retreating).
  6316 | D:9      | 6316 ||| DROPPING +1 helmet.
  6317 | D:9      | 6317 ||| DROPPING potion of attraction.
  6326 | D:8      | Found a glowing golden altar of the Shining One.
  6334 | D:8      | 6334 ||| PLANNING LAIR
  7014 | D:9      | 7014 ||| Stepping randomly (stuck).
  7031 | D:9      | 7031 ||| READING scroll labelled ESOFIM MEMIHEIPT.
  7053 | Lair:1   | Entered Level 1 of the Lair of Beasts
  7054 | Lair:1   | 7054 ||| INVOKING Heroism.
  7103 | Lair:1   | Reached skill level 14 in Ranged Weapons
  7169 | Lair:1   | 7169 ||| INVOKING Heroism.
  7195 | Lair:1   | 7195 ||| INVOKING Heroism.
  7199 | Lair:1   | Noticed Nergalle
  7201 | Lair:1   | Noticed a spectral orc warlord
  7209 | Lair:1   | HP: 9/71 [spectral orc/+1 short sword of
                  | distortion[Nergalle] (14)]
  7210 | Lair:1   | Slain by a spectral orc warlord

Levels and vault maps discovered:
D:1:      saegor_arrival_simple_b, layout_basic, serial_shops,
          nicolae_shop_gibbet_a_chance, kennysheep_pointless_box,
          minmay_misc_feat_diagonals
D:2:      layout_basic, serial_shops, nicolae_shop_just_a_little_nook,
          minivault_23
D:3:      layout_basic, serial_undead, serial_undead_c, serial_undead_e,
          serial_undead_b, serial_undead_d, st_stairs_6, uniq_natasha,
          uniq_robin
D:4:      layout_loops_ring
D:5:      layout_loops_ring
D:6:      layout_loops_cross, eat_drink_and_be_merry_uskayaw,
          chequers_serial_rivers_small_b, nicolae_shop_fire_sale
          [nicolae_sub_dead_trees], minmay_misc_feat_doors
D:7:      layout_cave_pools, temple_fountains, serial_shops,
          nicolae_shop_getting_attention
D:8:      layout_loops_ring, nicolae_overflow_hidden_temple, ebering_ghost_xom,
          nicolae_transporter_intersection, uniq_pikel
D:9:      layout_basic, erik_lair_island, hangedman_incinerator
Temple:   kb_temple_of_zot
Lair:1:   layout_big_grid, st_stairs_7, uniq_nergalle

Skill      XL: |  1  2  3  4  5  6  7  8  9 10 11 |
---------------+----------------------------------+-----
Ranged Weapons | 5 6 7 8 10 11 13 14 | 14.0
Fighting       | 3 4 5 6 8 9 |  9.0
Armour         | 1 2 3 |  3.0
Dodging        | 2 3 4 |  4.7
Invocations    | 4 |  4.3
Stealth        | |  1.1

Action                     |  1- 3 |  4- 6 |  7- 9 | 10-12 || total
---------------------------+-------+-------+-------+-------++-------
   Fire: Shortbow          |   123 |   103 |   312 |   231 ||   769
 Invoke: Heroism           |       |       |     1 |    14 ||    15
    Use: Scroll            |     3 |     3 |     9 |     3 ||    18
         Potion            |     1 |     1 |     6 |       ||     8
 Armour: Leather armour    |    27 |     5 |    42 |    69 ||   143
         Robe              |       |    43 |    75 |       ||   118
  Dodge: Dodged            |    32 |    67 |   175 |   128 ||   402

Table legend:
 A = Non-vault XP
 B = Vault XP
 C = Vault XP percentage of total XP
 D = Non-vault monster count
 E = Vault monster count
 F = Vault count percentage of total count
                 A         B        C        D         E       F
            +---------+---------+-------+---------+---------+-------
      Total |    9553 |    2942 |  23.5 |     196 |      34 |  14.8
            +---------+---------+-------+---------+---------+-------
        D:1 |      35 |       0 |   0.0 |      20 |       0 |   0.0
        D:2 |      87 |       0 |   0.0 |      28 |       0 |   0.0
        D:3 |      74 |      92 |  55.4 |      13 |      15 |  53.6
        D:4 |     674 |       0 |   0.0 |      19 |       0 |   0.0
        D:5 |    1064 |       0 |   0.0 |      19 |       0 |   0.0
        D:6 |     745 |       0 |   0.0 |      23 |       0 |   0.0
        D:7 |     747 |       0 |   0.0 |      13 |       0 |   0.0
        D:8 |    2641 |     641 |  19.5 |      29 |       1 |   3.3
        D:9 |    1750 |    1923 |  52.4 |      26 |      16 |  38.1
     Lair:1 |    1736 |     286 |  14.1 |       6 |       2 |  25.0
            +---------+---------+-------+---------+---------+-------
